Map: Miner Evacuation

Players

BunnyLove

  • Race: Terran Terran

whatevo

  • Race: Terran Terran
  • Spawn Location: 7:00

VOD

Have the link to the VOD?

Description

Time

  • Played on: March 15, 2018, 2:27 p.m.
  • Length: 21:49
Show
View Real Time Build Order
Export as new Build Order

BunnyLove Terran 

Build Orders:  

Get SALT Encoding   

  12  0:05  Starport Tech Lab  
  12  0:08  SCV  
  13  0:25  SCV  
  13  0:27  Supply Depot  
  15  0:42  SCV  
  16  1:02  SCV  
  16  1:03  Assault Galleon  
  16  1:17  Refinery  
  16  1:19  SCV  
  17  1:36  SCV  
  18  1:42  Refinery  
  19  1:50  Supply Depot  
  19  1:53  SCV  
  20  2:10  SCV  
  20  2:26  Assault Galleon, SCV  
  22  2:43  SCV  
  22  2:47  Engineering Bay  
  23  3:04  SCV  
  24  3:21  Supply Depot, SCV  
  24  3:27  Jetpack Overdrive  
  24  3:33  Reaper  
  24  3:38  SCV  
  26  3:44  Reaper  
  27  3:51  Reaper  
  27  3:55  Reaper, SCV  
  30  4:11  Reaper  
  30  4:12  Reaper  
  32  4:21  Reaper x2  
  34  4:30  LE9 Cluster Charges  
  34  4:31  Reaper x2  
  36  4:41  Reaper x2  
  38  4:51  Reaper  
  38  4:56  SCV  
  38  4:57  Reaper  
  41  5:01  Reaper  
  41  5:08  Reaper  
  44  5:11  Reaper  
  44  5:13  SCV  
  46  5:30  SCV  
  46  5:59  Command Center  
  46  6:00  Reaper x2  
  47  6:10  Reaper x2  
  49  6:20  Reaper x2  
  51  6:30  Reaper x2  
  53  6:40  Reaper x2  
  56  6:50  Reaper x2  
  58  7:00  Reaper x2  
  58  7:08  Armory  
  58  7:09  Reaper  
  60  7:10  Reaper  
  60  7:19  Reaper  
  63  7:20  Reaper  
  63  7:39  Reaper x2  
  66  7:41  Supply Depot  
  66  7:44  SCV  
  66  7:49  Reaper x2  
  68  7:59  Reaper x2  
  70  8:09  Reaper x2  
  72  8:12  Command Center  
  72  8:19  Reaper x2  
  76  8:20  SCV x2  
  76  8:31  Supply Depot  
  76  8:46  Reaper  
  76  8:47  Reaper  
  77  8:56  Reaper  
  77  8:57  Reaper  
  77  8:59  SCV  
  81  9:00  SCV  
  81  9:06  Reaper  
  82  9:13  Reaper  
  82  9:16  Reaper, Horner Weapons Level 1, SCV  
  82  9:17  SCV  
  88  9:40  Fusion Core  
  88  9:42  SCV x2  
  88  9:43  Assault Galleon  
  88  9:51  Theia Raven  
  88  9:53  Reaper  
  93  10:01  SCV  
  93  10:03  SCV  
  93  10:11  Reaper  
  93  10:18  SCV  
  96  10:20  SCV  
  96  10:35  SCV  
  96  10:37  SCV  
  96  10:38  Reaper  
  96  10:39  Reaper  
  99  10:48  Reaper  
  101  10:52  SCV  
  101  10:54  SCV  
  99  11:08  Reaper  
  99  11:09  Reaper, SCV  
  97  11:11  SCV  
  97  11:17  Refinery  
  97  11:18  Reaper  
  97  11:19  Reaper  
  99  11:21  Refinery  
  99  11:26  SCV  
  99  11:28  Reaper, SCV  
  99  11:29  Reaper  
  103  11:31  Reaper  
  103  11:38  Reaper, Supply Depot  
  103  11:39  Reaper, Assault Galleon  
  107  11:43  SCV  
  107  11:45  SCV  
  107  11:52  Reaper x3  
  110  12:08  Reaper  
  113  12:10  Supply Depot  
  113  12:13  SCV x2  
  113  12:29  Multi-Threaded Sensors  
  115  12:30  SCV x2  
  115  12:33  Horner Weapons Level 2  
  115  12:34  Reaper x3  
  118  12:41  Assault Galleon  
  118  12:44  Reaper x3  
  118  12:47  SCV x2  
  123  12:54  Reaper x3  
  126  13:04  Reaper x2  
  128  13:11  Reaper  
  128  13:14  Reaper  
  130  13:21  Supply Depot  
  142  13:32  Trigger Override  
  142  13:42  Supply Depot  
  142  13:43  SCV, Drone Hangar x3  
  142  13:45  Drone Hangar  
  142  13:56  SCV  
  143  14:00  SCV  
  143  14:09  Drone Hangar  
  143  14:13  SCV  
  143  14:17  SCV  
  139  14:25  Reaper x3  
  139  14:27  Reaper  
  134  14:33  Asteria Wraith  
  134  14:35  Reaper x3  
  134  14:37  Reaper  
  146  14:45  Reaper x3  
  146  14:47  Reaper  
  145  14:51  Reaper  
  145  14:55  Reaper x3  
  145  14:57  Reaper  
  146  15:03  Reaper  
  146  15:05  Reaper  
  146  15:24  Reaper x3  
  146  15:28  Reaper x2  
  151  15:34  Reaper x2  
  153  15:43  Reaper x2  
  153  15:44  Reaper  
  153  15:45  Reaper  
  153  15:46  Reaper  
  153  15:49  Theia Raven  
  159  15:53  Reaper x2  
  159  15:56  Reaper x2  
  163  16:12  Asteria Wraith  
  171  16:25  Reaper  
  171  16:26  Reaper x2  
  174  16:35  Supply Depot  
  174  16:36  Supply Depot  
  174  17:05  Reaper x5  
  179  17:15  Reaper x5  
  184  17:25  Reaper x5  
  189  17:35  Reaper x5  
  194  17:45  Reaper x5  
  195  17:55  Reaper x5  
  200  18:04  Reaper x3  
  200  18:07  Reaper x2  
  191  18:14  Reaper x3  
  191  18:17  Reaper x2  
  196  18:24  Reaper x3  
  196  18:27  Reaper x2  
  199  18:49  Reaper  
  200  18:54  Reaper  
  200  19:14  Reaper  
  193  19:37  Asteria Wraith  
  200  20:14  Reaper x2  
  200  20:15  Reaper  
  200  20:16  Reaper  
  200  20:26  Reaper  
  198  20:30  Reaper x2  
  198  20:36  Napalm Payload  
  190  20:43  Deimos Viking  
  190  20:46  Reaper x2  
  190  20:47  Reaper  
  190  20:48  Reaper x2  
  197  20:56  Reaper  
  197  20:58  Reaper  
  197  20:59  Reaper x2  
  195  21:05  Reaper  
  195  21:06  Reaper  
  195  21:08  Reaper  
  195  21:09  Reaper x2  
  199  21:15  Reaper  
  199  21:16  Reaper  
  199  21:18  Reaper x2  
  200  21:29  Reaper x2  
Show
View Real Time Build Order
Export as new Build Order

whatevo Terran 

Build Orders:  

Get SALT Encoding   

Tags
 
Add a new tag
Caveats
  • Supply blocks, unpowered buildings, or Contaminate may cause inaccurate times.
  • Supply counts are checked every 10 seconds.